 Dungeon Crawl Stone Soup version 0.27.1 (webtiles) character file.

Game seed: 7777316394911746059

2238 ZARRMARR the Insei (level 9, -3/55 HPs)
             Began as an Octopode Transmuter on Aug 29, 2021.
             Shot with an arrow by a centaur (11 damage)
             ... on level 8 of the Dungeon.
             The game lasted 00:52:53 (9570 turns).

ZARRMARR the Insei (Octopode Transmuter)            Turns: 9570, Time: 00:52:54

Health: -3/55      AC:  1    Str: 15    XL:     9   Next: 36%
Magic:  16/16      EV: 14    Int: 19    God:
Gold:   504        SH:  0    Dex: 12    Spells: 14/18 levels left

rFire    . . .     SeeInvis .     - Unarmed
rCold    . . .     Faith    .   (no shield)
rNeg     + . .     Spirit   .   (helmet currently unavailable)
rPois    .         Reflect  .   (no amulet)
rElec    .         Harm     .   i - +6 ring of strength
rCorr    .         Rampage  .   q - ring of wizardry
Will     .....                  r - ring of positive energy
Stlth    ++++......             s - +4 ring of slaying
HPRegen  0.18/turn              (no ring)
MPRegen  0.15/turn              (no ring)
                                (no ring)
                                (no ring)

@: mighty, appendages
A: tentacle spike 3, almost no armour, amphibious, 8 rings, camouflage 1,
gelatinous body 1, (nimble swimmer 1), tentacles
a: End Transformation


You were on level 8 of the Dungeon.
One of your tentacles had grown a beastly spike.
You visited 2 branches of the dungeon, and saw 9 of its levels.

You collected 504 gold pieces.

Inventory:

Hand Weapons
 k - the +11 dagger "Ytisogom" {flame, Will- Dex+3 Stlth+}
   (You found it on level 4 of the Dungeon)

   It burns those it strikes, dealing additional fire damage.
   Dex:       It affects your dexterity (+3).
   Will:      It decreases your willpower.
   Stlth:     It makes you more stealthy.
Missiles
 u - 5 silver boomerangs (quivered)
Jewellery
 i - a +6 ring of strength (left tentacle)
 q - a ring of wizardry (right tentacle)
 r - a ring of positive energy (on tentacle)
 s - a +4 ring of slaying (on tentacle)
Wands
 o - a wand of paralysis (3)
 p - a wand of polymorph (7)
 t - a wand of iceblast (4)
Scrolls
 e - 5 scrolls of teleportation
 f - 6 scrolls of enchant weapon
 v - a scroll of holy word
Potions
 a - 2 potions of curing
 b - 3 potions of lignification
 c - a potion of might
 d - 2 potions of brilliance {unknown}
 g - a potion of berserk rage {unknown}
 h - a potion of degeneration {unknown}
 j - a potion of mutation {unknown}
 m - 3 potions of haste {unknown}


   Skills:
 + Level 2.3 Fighting
 + Level 3.6 Dodging
 + Level 5.6 Stealth
 + Level 6.6 Unarmed Combat
 + Level 5.1 Spellcasting
 + Level 5.2 Transmutations
 * Level 1.9 Ice Magic
 - Level 5.5 Poison Magic


You had 14 spell levels left.
You knew the following spells:

 Your Spells              Type           Power      Damage    Failure   Level
a - Beastly Appendage     Tmut           48%        N/A       1%          1
b - Spider Form           Tmut/Pois      12%        N/A       1%          3

Your spell library contained the following spells:

 Spells                   Type           Power      Damage    Failure   Level
 Wereblood                Tmut           24%        N/A       1%          2
 Slow                     Hex            4%         N/A       8%          2
 Static Discharge         Conj/Air       4%         N/A       8%          2
 Ice Form                 Ice/Tmut       18%        N/A       12%         4
 Call Canine Familiar     Summ           4%         N/A       16%         3
 Confusing Touch          Hex            4%         N/A       16%         3
 Gell's Gravitas          Tloc           2%         N/A       16%         3
 Inner Flame              Hex/Fire       4%         N/A       16%         3
 Lesser Beckoning         Tloc           2%         N/A       16%         3
 Portal Projectile        Hex/Tloc       8%         N/A       16%         3
 Stone Arrow              Conj/Erth      8%         3d7       16%         3
 Teleport Other           Tloc           4%         N/A       16%         3
 Yara's Violent Unravell  Hex/Tmut       7%         3d5       41%         5
 Airstrike                Air            2%         N/A       43%         4
 Cause Fear               Hex            2%         N/A       43%         4
 Leda's Liquefaction      Hex/Erth       2%         N/A       43%         4
 Summon Lightning Spire   Summ/Air       4%         N/A       43%         4
 Bolt of Magma            Conj/Fire/Erth 2%         4d4       77%         5
 Lightning Bolt           Conj/Air       2%         1d13      77%         5
 Conjure Ball Lightning   Conj/Air       2%         3x3d6     99%         6
 Discord                  Hex            2%         N/A       100%        8
 Disjunction              Tloc           2%         N/A       100%        8
 Maxwell's Capacitive Co  Air            2%         ∞         100%        8
 Shatter                  Erth           2%         3d6*      100%        9


Dungeon Overview and Level Annotations

Branches:
Dungeon (8/15)             Temple (1/1) D:5            Lair (0/6) D:8

Altars:
Dithmenos
Elyvilon
Fedhas
Gozag
Hepliaklqana
Kikubaaqudgha
Nemelex Xobeh
Okawaru
Qazlal
Ru
Sif Muna
Trog
Uskayaw
Vehumet
Wu Jian
Yredelemnul
Zin
The Shining One

Shops:
D:2 =   D:4 :

Annotations:
D:6 3 runed translucent doors, JBAR's ghost, novice SpEn; bpung's ghost, novice GrBr; shadowrider38's ghost, novice KoBe
D:7 2 transporters, DemonSlayer's ghost, novice HuBe


Innate Abilities, Weirdness & Mutations

One of your tentacles has grown a beastly spike.
You cannot wear most types of armour.
You are amphibious.
You can wear up to eight rings at the same time.
Your skin changes colour to match your surroundings (Stealth+).
Your rubbery body absorbs attacks. (AC +1, EV +1)
((You are camouflaged near water. (Stealth+)))
You have tentacles for arms and can constrict up to eight enemies at once.


Message History

The yak bellows! x2; The centaur shouts!
A yak comes into view.
The yak gores you!
A yak comes into view.
The yak bellows!
You bludgeon the yak!
The yak is moderately wounded.
You closely miss the yak.
You pierce the yak!
Your squeeze misses the yak.
The yak is severely wounded.
The yak misses you.
You bludgeon the yak!
Your tentacle spike misses the yak.
The yak is almost dead.
The yak gores you.
A yak comes into view.
The yak gores you.
You bludgeon the yak!
You kill the yak!
Your Spellcasting skill increases to level 5!
You bludgeon the yak! You squeeze the yak!
The yak is heavily wounded.
The yak misses you. The yak gores you.
You bludgeon the yak!
The yak is severely wounded.
The yak gores you.
You bludgeon the yak!
You kill the yak!
You tentacle-slap the yak but do no damage.
The yak gores you!
As you read the scroll of fear, it crumbles to dust.
You assume a fearsome visage.
The centaur looks frightened!
The yak looks frightened! x3
As you read the scroll of fear, it crumbles to dust.
You assume a fearsome visage.
The yak looks frightened!
The centaur wields a +0 shortbow.
The centaur shoots an arrow.
The arrow hits you!
* * * LOW HITPOINT WARNING * * *
You hear a bellow!
Found 13 gold pieces.
The centaur shoots an arrow.
The arrow hits you!
You die...

###..######.....#..........#
.............)..###........#
####.######................#
#..............####........#
..#.#.#####....# #........#
###.#.#...#....########..##
....#..<..#........####$.
........................
............#...@...#
##..#####...#.......#
....#?)(#...#.......# ###
##..#!$/#...#.#####.# .Y.
#..#([/#.....# #c# #c#
#..#####...### ###.# #.#
#..........# ##.Yc# #Y##
#..........# #..#.####..###
......#.#..# #......Yc....#


You could see a centaur.

Vanquished Creatures
  2 yaks (D:8)
  A water moccasin (D:7)
  An ice beast (D:5)
  A sky beast (D:5)
  A black bear (D:5)
  A hornet zombie (D:8)
  2 phantoms (D:4)
  A bullfrog (D:7)
  A wyvern zombie (D:8)
  2 scorpions (D:5)
  4 wights (D:6)
  2 howler monkeys
  2 centaur skeletons (D:7)
  4 hounds
  2 bullfrog skeletons
  A gnoll shaman (D:6)
  4 jellies
  3 orc wizards (D:7)
  2 scorpion zombies (D:5)
  3 iguanas
  2 howler monkey zombies
  6 gnolls
  5 adders
  A shadow imp (D:7)
  A white imp (D:7)
  An ufetubus (D:5)
  An adder skeleton (D:4)
  2 worms
  23 orcs
  5 ball pythons
  6 endoplasms
  5 giant cockroaches
  5 goblins
  4 hobgoblins
  2 kobolds (D:2)
  3 quokkas (D:2)
  6 bats (D:2)
  3 frilled lizards
  12 rats
  A spectral goblin (D:5)
134 creatures vanquished.

Vanquished Creatures (others)
  4 withered plants (D:6)
4 creatures vanquished.

Grand Total: 138 creatures vanquished

Notes
Turn   | Place    | Note
-------+----------+-------------------------------------------
     0 | D:1      | ZARRMARR the Octopode Transmuter began the quest for the
                  | Orb.
     0 | D:1      | Reached XP level 1. HP: 13/13 MP: 3/3
    67 | D:1      | Reached XP level 2. HP: 10/18 MP: 3/5
   409 | D:1      | Found a faded altar of an unknown god.
  1073 | D:2      | Reached skill level 1 in Poison Magic
  1143 | D:2      | Reached XP level 3. HP: 23/23 MP: 4/6
  1775 | D:2      | Reached skill level 1 in Stealth
  1818 | D:2      | Found Movawuiph's Jewellery Emporium.
  1932 | D:2      | Reached XP level 4. HP: 28/28 MP: 5/7
  3079 | D:3      | Found an iron altar of Okawaru.
  3207 | D:4      | Noticed a phantom
  3215 | D:4      | Reached XP level 5. HP: 20/33 MP: 8/8
  3347 | D:4      | Killed a phantom
  3348 | D:4      | Reached skill level 4 in Unarmed Combat
  3503 | D:4      | Reached XP level 6. HP: 25/38 MP: 10/10
  3695 | D:4      | Identified the +11 dagger "Ytisogom" {flame, Will- Dex+3
                  | Stlth+}
  4058 | D:4      | Found Udeir's Book Shoppe.
  4247 | D:5      | Entered Level 5 of the Dungeon
  4301 | D:5      | Noticed a black bear
  4574 | D:5      | Reached XP level 7. HP: 10/43 MP: 9/11
  5207 | D:5      | Reached skill level 5 in Unarmed Combat
  5339 | D:5      | Found a hazy altar of Hepliaklqana.
  5475 | D:5      | Found a staircase to the Ecumenical Temple.
  5487 | D:5      | Reached XP level 8. HP: 32/49 MP: 13/13
  5594 | Temple   | Entered the Ecumenical Temple
  6766 | D:6      | Reached skill level 5 in Poison Magic
  6946 | D:6      | Found a runed translucent gate.
  6946 | D:6      | Found a runed translucent gate.
  6948 | D:6      | Found a runed translucent gate.
  6950 | D:6      | Noticed shadowrider38's ghost (novice KoBe)
  6950 | D:6      | Noticed bpung's ghost (novice GrBr)
  6951 | D:6      | Noticed JBAR's ghost (novice SpEn)
  7200 | D:6      | Found a bloodstained altar of Trog.
  7499 | D:7      | Found a sacrificial altar of Ru.
  7919 | D:7      | Reached skill level 5 in Stealth
  7919 | D:7      | Reached skill level 6 in Unarmed Combat
  8499 | D:6      | Learned a level 3 spell: Spider Form
  8614 | D:7      | Reached XP level 9. HP: 54/54 MP: 13/15
  8696 | D:7      | Reached skill level 5 in Transmutations
  8747 | D:7      | Noticed a hornet
  8748 | D:7      | Found a transporter.
  8825 | D:7      | Found a transporter.
  8826 | D:7      | Noticed DemonSlayer's ghost (novice HuBe)
  8893 | D:7      | Reached skill level 1 in Ice Magic
  9075 | D:8      | Found a staircase to the Lair.
  9546 | D:8      | Found a hide-covered altar of Uskayaw.
  9553 | D:8      | Reached skill level 5 in Spellcasting
  9570 | D:8      | Shot with an arrow by a centaur

Illustrated notes

Levels and vault maps discovered:
D:1:      minmay_arrival_up_and_down, layout_basic,
          ebering_ecumenical_altar_webs, minmay_quantized
D:2:      layout_basic, serial_shops, shop
D:3:      layout_rooms, general_overflow_altar, st_stairs_3
D:4:      layout_rooms, serial_shops, shop
D:5:      layout_loops_cross, nicolae_hepliaklqana_monster_ancestors,
          minmay_temple_entry_statues_fountains
D:6:      layout_rooms, trog_three_pillars_becter, gammafunk_ghost_cemetery
D:7:      layout_basic, nicolae_ru_great_annihilating_truth,
          gammafunk_ghost_hive
D:8:      layout_basic, mainiacjoe_overflow_brackets, dpeg_oklobed_lair,
          due_unseen_surprise
Temple:   dshaligram_water_room_temple

Skill      XL: |  1  2  3  4  5  6  7  8  9 |
---------------+----------------------------+-----
Poison Magic   | 1 2 3 4 5 |  5.5
Stealth        | 1 2 3 4 5 |  5.6
Unarmed Combat | 4 5 6 |  6.6
Transmutations | 3 4 5 |  5.2
Spellcasting   | 3 4 5 |  5.1
Dodging        | 3 |  3.6
Fighting       | 2 |  2.3
Ice Magic      | 1 |  1.9

Action                   |  1- 3 |  4- 6 |  7- 9 || total
-------------------------+-------+-------+-------++-------
Melee: Unarmed           |    69 |   103 |   169 ||   341
       Kick              |    15 |    29 |    54 ||    98
       Constrict         |    14 |    26 |    38 ||    78
       Tentacles         |     8 |    22 |    30 ||    60
       Punch             |     1 |       |     6 ||     7
       Dagger            |       |       |     4 ||     4
Throw: Boomerang         |       |       |     1 ||     1
 Cast: Beastly Appendage |    22 |    31 |    49 ||   102
       Spider Form       |       |       |     3 ||     3
  Use: Scroll            |     1 |     3 |     8 ||    12
       Potion            |       |       |     1 ||     1
 Stab: Sleeping          |     8 |    10 |    10 ||    28
       Distracted        |       |       |     1 ||     1
       Invisible         |       |       |     1 ||     1
Armor: Skin              |     5 |     2 |     6 ||    13
Dodge: Dodged            |    32 |    40 |    76 ||   148
